 Dungeon Crawl Stone Soup version 0.21-a0-414-gba8bdf1 (webtiles) character file.

24 sagitran the Chucker (level 3, 0/36 HPs)
             Began as an Ogre Hunter on Nov 2, 2017.
             Slain by a worker ant (3 damage)
             ... on level 2 of the Dungeon.
             The game lasted 00:05:26 (2040 turns).

sagitran the Chucker (Ogre Hunter)                  Turns: 2040, Time: 00:05:27

Health: 0/36       AC:  3    Str: 16    XL:     3   Next: 2%
Magic:  3/3        EV: 10    Int: 12    God:
Gold:   90         SH:  0    Dex: 10    Spells: 2/2 levels left

rFire    . . .     SeeInvis .   a - +0 short sword
rCold    . . .     Gourm    +   (no shield)
rNeg     . . .     Faith    .   b - +0 robe
rPois    .         Spirit   .   (helmet restricted)
rElec    .         Reflect  .   (no cloak)
rCorr    .         Harm     .   (gloves unavailable)
MR       .....                  (boots unavailable)
Stlth    +.........             l - amulet of the gourmand
HPRegen  0.12/turn              (no ring)
MPRegen  0.08/turn              (no ring)

@: lethally poisoned (0 -> 0), very slightly contaminated, invisible
A: unfitting armour, tough skin 1
a: no special abilities


You were on level 2 of the Dungeon.
You were not hungry.

You visited 1 branch of the dungeon, and saw 2 of its levels.

You collected 90 gold pieces.

Inventory:

Hand Weapons
 a - a +0 short sword (weapon)
 s - a +0 mace
Missiles
 c - 5 large rocks (quivered)
 d - 2 throwing nets
Armour
 b - a +0 robe (worn)
Jewellery
 l - an amulet of the gourmand (around neck)
Scrolls
 e - a scroll of enchant weapon {unknown}
 j - a scroll of fear {unknown}
 m - a scroll of noise {unknown}
 n - 3 scrolls of identify {unknown}
 r - a scroll of immolation {unknown}
Potions
 h - a potion of curing {unknown}
 i - a potion of lignification {unknown}
 k - a potion of mutation {unknown}
 o - a potion of ambrosia {unknown}
 p - a potion of heal wounds {unknown}
Comestibles
 f - a bread ration


   Skills:
 + Level 2.6 Fighting
 + Level 0.3 Short Blades
 * Level 0.2 Maces & Flails
 + Level 4.5 Throwing
 + Level 2.0 Dodging
 + Level 0.7 Stealth


You had 2 spell levels left.
You didn't know any spells.

Dungeon Overview and Level Annotations

Branches:
Dungeon (2/15)

Altars:
Nemelex Xobeh
Ru
Uskayaw
Yredelemnul


Innate Abilities, Weirdness & Mutations

You are too large for most types of armour.
You have tough skin. (AC +1)


Message History

You are very lightly contaminated with residual magic.
You feel sick.
Found a robe.
You feel sick. The worker ant closely misses you.
You feel sick. The worker ant closely misses you.
You hit the worker ant.
The worker ant is severely wounded.
The worker ant barely misses you.
You barely miss the worker ant.
The worker ant is severely wounded.
The worker ant barely misses you.
You closely miss the worker ant.
The worker ant is severely wounded.
The worker ant closely misses you.
You catch the helpless worker ant completely off-guard!
You hit the worker ant.
The worker ant is almost dead.
You feel sick. The worker ant bites you.
You die...

##....# #...[.#
#.....########
#.............
#.............
#.............
#.............
##....a.........
#####..@..##......#
...........## .....#.
............##.......
.........)...........
......###............
.#.....###.....#.....
#...................
###.................
.......
#$....(...........


You could see a worker ant.

Vanquished Creatures
  A dart slug (D:1)
  A leopard gecko (D:1)
  A bat (D:1)
  2 giant cockroaches (D:1)
  A goblin (D:2)
  6 hobgoblins
  A frilled lizard (D:2)
  3 kobolds (D:1)
  3 rats (D:1)
19 creatures vanquished.

Notes
Turn   | Place    | Note
-------+----------+-------------------------------------------
     0 | D:1      | sagitran the Ogre Hunter began the quest for the Orb.
     0 | D:1      | Reached XP level 1. HP: 22/22 MP: 1/1
   562 | D:1      | Reached XP level 2. HP: 29/29 MP: 2/2
  1917 | D:2      | Reached XP level 3. HP: 36/36 MP: 3/3
  1932 | D:2      | Found a hide-covered altar of Uskayaw.
  1932 | D:2      | Found a basalt altar of Yredelemnul.
  1950 | D:2      | Found a sacrificial altar of Ru.
  1961 | D:2      | Found a sparkling altar of Nemelex Xobeh.
  2040 | D:2      | Slain by a worker ant

Vault maps used:
D:1:      minmay_arrival_shattered_statue, kennysheep_small_spiral,
          hangedman_decor_growths
D:2:      nicolae_overflow_hidden_temple, minitemple, minmay_parallelograms

Skill      XL: |  1  2 |
---------------+-------+-----
Dodging        | 2 |  2.0
Fighting       | |  2.6
Short Blades   | |  0.3
Maces & Flails | |  0.2
Throwing       | |  4.5
Stealth        | |  0.7

Action                   || total
-------------------------++-------
Melee: Short sword       ||   125
  Use: Potion            ||     1
 Stab: Invisible         ||     1
  Eat: Chunk             ||     8
Armor: Robe              ||    49
Dodge: Dodged            ||    73

Table legend:
 A = Spawn XP
 B = Non-spawn XP
 C = Spawn XP percentage of total XP
 D = Spawn monster count
 E = Non-spawn monster count
 F = Spawn count percentage of total count
 G = Total turns spent on level
                    A         B        C        D         E        F      G
               +---------+---------+-------+---------+---------+-------+---------
         Total |       0 |      35 |   0.0 |       0 |      19 |   0.0 |  2040
               +---------+---------+-------+---------+---------+-------+---------
           D:1 |       0 |      30 |   0.0 |       0 |      16 |   0.0 |  1628
           D:2 |       0 |       5 |   0.0 |       0 |       3 |   0.0 |   412
               +---------+---------+-------+---------+---------+-------+---------
